[Event "56th Ilmar Raud Memorial 2022"]
[Site "Viljandi"]
[Date "2022.07.05"]
[Round "1.1"]
[White "Heinmets, Tonu"]
[Black "Laurusas, Tomas"]
[Result "0-1"]
[ECO "A12"]
[WhiteElo "1961"]
[BlackElo "2561"]
[Annotator "TA"]
[PlyCount "48"]
[EventDate "2022.07.05"]
[EventType "swiss"]
[EventCountry "EST"]
[SourceTitle "playchess.com"]
[Source "ChessBase"]
[SourceQuality "1"]
[TimeControl "40/5400+30:900+30"]

1. Nf3 d5 2. g3 Nf6 3. Bg2 Bf5 4. O-O e6 5. c4 c6 6. b3 Be7 7. Bb2 O-O 8. d3 h6 9. Nbd2 Bh7 {[%emt 0:01:23] 9...a5 is becoming the main line.} 10. Re1 Nbd7 11. Qc2 a5 {[%emt 0:00:46] A12: English Opening: 1...c6 with b3 by White.} 12. a3 Qb6 13. e4 dxe4 {[%emt 0:06:49] Black is slightly better.} ({Of course not} 13... Ng4 14. Re2 $11) 14. dxe4 Rfd8 {[%emt 0:06:57] [#]} 15. Bd4 $146 ({Predecessor:} 15. Rad1 Ng4 16. Re2 Bf6 17. h3 Bxb2 18. Qxb2 Ngf6 19. e5 Ne8 20. Nd4 Nc5 21. N2f3 Nxb3 {1-0 (83) Bobanac,M (2261)-Vujnovic,P (2138) Bosnjaci 2022}) 15... Bc5 16. Bxc5 Nxc5 17. Ne5 {[%emt 0:05:10] Against Ng4} Qc7 18. f4 {[%emt 0:07:10] [#]} Rxd2 $1 19. Qxd2 {[%emt 0:00:06] Qe3 is the strong threat.} Nxb3 {[%emt 0:00:04] Pair of Knights!} 20. Qc3 Nxa1 21. Qxa1 Qb6+ 22. Kh1 $2 {[%emt 0:00:11] [#]} (22. Kf1 $17) 22... Rd8 $1 $19 23. Qc3 $2 (23. Qa2 {was necessary.}) 23... Qf2 {[%emt 0:01:44][%cal Oh7e4] Hoping for ...Bxe4!} 24. Rf1 {[%emt 0:02:07] [#]} Bxe4 $1 {[%emt 0:00:25] Weighted Error Value: White=0.53/Black=0.01 (flawless)} 0-1

[Event "56th Ilmar Raud Memorial 2022"]
[Site "Viljandi"]
[Date "2022.07.05"]
[Round "1.2"]
[White "Kulaots, Kaido"]
[Black "Shnurov, Daniil"]
[Result "1-0"]
[ECO "E71"]
[WhiteElo "2543"]
[BlackElo "1868"]
[Annotator "TA"]
[PlyCount "111"]
[EventDate "2022.07.05"]
[EventType "swiss"]
[EventCountry "EST"]
[SourceTitle "playchess.com"]
[Source "ChessBase"]
[SourceQuality "1"]
[TimeControl "40/5400+30:900+30"]

1. d4 Nf6 2. c4 g6 3. Nc3 Bg7 4. e4 d6 5. h3 O-O 6. Be3 e5 7. d5 Na6 8. g4 {[%emt 0:05:44] E71: King's Indian: 4 e4 d6 5 h3.} Nc5 9. f3 a5 10. Nge2 {[%emt 0:02:24] White is slightly better.} Bd7 11. Ng3 c6 12. Qd2 a4 13. h4 Qa5 14. Rb1 cxd5 15. cxd5 b5 {[%emt 0:03:05] [#]} 16. g5 $146 ({Predecessor:} 16. h5 b4 17. Nd1 Bxg4 18. Bxc5 Bxf3 19. Bxb4 Qb6 20. Rh4 Ng4 21. Rxg4 Bxg4 22. a3 {1-0 (44) Ruiz Castillo,J (2454)-Chen,R (2242) Richardson 2022}) 16... Ne8 17. h5 b4 18. Nd1 b3 (18... f6 $11 {might be stronger.}) 19. a3 Qxd2+ 20. Kxd2 f6 21. Be2 Rc8 22. Nc3 f5 (22... fxg5 $14 23. hxg6 hxg6) 23. h6 $16 Bh8 {[%emt 0:00:32] [#]} 24. Nf1 $1 Nb7 25. Ke1 Nd8 (25... Na5 $16) 26. Nd2 $18 fxe4 27. fxe4 (27. Ndxe4 Nf7 $16) 27... Rf4 28. Rg1 (28. Bxf4 exf4 29. Rh4 Nf7 $16) 28... Nb7 29. Ba6 ({But not} 29. Bxf4 $6 exf4 30. Bg4 Bxg4 31. Rxg4 Nc5 $16) 29... Rb8 30. Bb5 (30. Bxf4 exf4 31. Bxb7 Rxb7 $18) 30... Bxb5 31. Nxb5 ({Less strong is} 31. Bxf4 exf4 32. Nxb5 Rc8 $16) 31... Rc8 32. Nc3 Nc5 33. Ke2 Rh4 34. Rbf1 Ra8 (34... Rh2+ $2 35. Rf2 Rxf2+ 36. Bxf2 $18) 35. Bxc5 dxc5 36. Nc4 {[%emt 0:00:07] Prevents Nd6.} Nc7 37. Rf2 Rf4 38. Rgf1 Ra6 (38... Re8 $142 39. Nb6 (39. Rxf4 exf4 40. d6 Ne6 $18) 39... Rd8) 39. Rxf4 exf4 40. e5 Ra8 41. Rxf4 Rd8 42. d6 Ne6 43. Rf2 {[%emt 0:01:12] [#] Hoping for Nd5.} Rf8 44. Rxf8+ Kxf8 45. Nxa4 {[%emt 0:00:42][%mdl 4096] Endgame KBN-KNN} Ke8 46. Nab6 Nxg5 47. a4 {[%emt 0:00:20][%cal Ba3a4,Ba4a5,Ba5a6][%mdl 32] And now a5 would win.} Ne6 48. a5 Nd4+ 49. Ke3 Kf7 50. a6 {[%emt 0:00:31] White threatens a7 and mate.} Nc6 51. Ke4 {[%emt 0:00:32] White mates.} Ke6 52. Nd5 g5 53. Nc7+ {[%emt 0:00:19] Pair of Knights!} Kd7 54. e6+ Kc8 55. a7 Nxa7 56. e7 {[%emt 0:00:07] Weighted Error Value: White=0.09 (flawless) /Black=0.41} 1-0

[Event "56th Ilmar Raud Memorial 2022"]
[Site "Viljandi"]
[Date "2022.07.05"]
[Round "1.3"]
[White "Kull, Tormi"]
[Black "Pultinevicius, Paulius"]
[Result "0-1"]
[ECO "C54"]
[WhiteElo "1826"]
[BlackElo "2539"]
[Annotator "TA"]
[PlyCount "68"]
[EventDate "2022.07.05"]
[EventType "swiss"]
[EventCountry "EST"]
[SourceTitle "playchess.com"]
[Source "ChessBase"]
[SourceQuality "1"]
[TimeControl "40/5400+30:900+30"]

1. e4 e5 2. Nf3 Nc6 3. Bc4 Bc5 4. c3 Nf6 5. d3 d6 6. O-O O-O 7. Nbd2 a6 8. Re1 Ba7 9. Bb3 Ng4 10. Re2 Kh8 11. h3 f5 12. Nf1 Nh6 (12... fxe4 $15 13. dxe4 Nf6) 13. N1h2 {[%emt 0:06:23] C54: Giuoco Piano: 4 c3 Nf6, main lines with 5 d4 and 5 d3.} (13. Bxh6 $11 gxh6 14. exf5) 13... f4 $1 $15 14. d4 Qf6 $1 15. dxe5 {[%emt 0:01:47] Black is slightly better.} dxe5 {[%emt 0:01:16] [#]} 16. Kh1 $146 ({Predecessor:} 16. a4 g5 17. Ba2 g4 18. hxg4 Nxg4 19. b4 Qg7 20. Kf1 Nxh2+ 21. Nxh2 Qh6 22. Kg1 {0-1 (32) Cengel,E (1456)-Sade,D (1933) Ankara 2020}) 16... Nf7 17. Qd5 (17. Bd5 $15) 17... Ne7 (17... g5 $17 {Hoping for ...h5.} 18. Ng4 Qg7) 18. Qc4 b5 19. Qd3 (19. Qxc7 $2 Bb6 20. Qxb6 Qxb6 $19) 19... Rd8 20. Qc2 Be6 21. Bxe6 Qxe6 22. b3 c5 23. a4 (23. Kg1 $11) 23... c4 $17 {[%emt 0:01:24] Black is more active.} 24. bxc4 bxc4 25. Ba3 Ng8 $1 26. Rb1 Nf6 27. Rb7 {[%emt 0:01:06] Threatens to win with Re7.} Rd7 {[%emt 0:00:42] Against Re7} 28. Qb1 h6 29. Reb2 $2 {[%emt 0:03:20] [#] Now White is beyond hope.} (29. Rd2 $15 Qc6 30. Rbxd7 (30. Rdxd7 Nxd7 31. Kg1 Nd8 $15) 30... Nxd7 31. Qc2) 29... Rad8 $1 $19 {[%emt 0:02:41] ...Rd1+ is the strong threat.} ({Weaker is} 29... Rxb7 30. Rxb7 Nd7 31. Qd1 $11) 30. Rxd7 Rxd7 ({Inferior is} 30... Qxd7 31. Rd2 Qc7 32. Re2 $17) 31. Nh4 $2 (31. Rb7 Bxf2 32. Nf1) 31... Kh7 ({Stronger than} 31... Nxe4 32. Qxe4 Rd1+ {[#]} 33. Nf1 $1 Rxf1+ 34. Kh2 $11) 32. Nf5 $2 (32. f3) 32... Qc6 {[%emt 0:01:14] Black is clearly winning.} 33. Ng4 (33. Qc2 $142 Qxe4 34. Nf3) 33... Nxg4 34. hxg4 Qxa4 {[%emt 0:00:30] Weighted Error Value: White=0.64/Black=0.20 (precise)} 0-1

[Event "56th Ilmar Raud Memorial 2022"]
[Site "Viljandi"]
[Date "2022.07.05"]
[Round "1.4"]
[White "Maiorov, Nikita"]
[Black "Protassov, Vlad"]
[Result "1-0"]
[ECO "D37"]
[WhiteElo "2474"]
[BlackElo "1824"]
[Annotator "TA"]
[PlyCount "64"]
[EventDate "2022.07.05"]
[EventType "swiss"]
[EventCountry "EST"]
[SourceTitle "playchess.com"]
[Source "ChessBase"]
[SourceQuality "1"]
[TimeControl "40/5400+30:900+30"]

1. d4 Nf6 2. c4 e6 3. Nf3 d5 4. Nc3 Be7 5. Bf4 O-O 6. e3 b6 7. a3 {[%emt 0:00:52] D37: Queen's Gambit Declined: 5 Bf4.} Bb7 8. cxd5 Nxd5 {[%emt 0:01:20] 8...exd5 is vanishing.} 9. Nxd5 {[%emt 0:00:06] The position is equal.} Bxd5 10. Bd3 Nd7 11. Qc2 h6 {[%emt 0:07:48] [#]} (11... f5 $142) 12. Bxc7 $146 ({Predecessor:} 12. Qxc7 Qxc7 13. Bxc7 Rac8 14. Bg3 f5 15. O-O g5 16. Rac1 Bxf3 17. gxf3 h5 18. Ba6 Rxc1 19. Rxc1 h4 20. Bc7 Nf6 21. Bb7 Rf7 22. Be5 Nd7 23. Bc7 Nf6 {½-½ (23) Khashimov,V (2188)-Pozhidaev,E (2113) Voronezh 2007}) 12... Qc8 13. Rc1 $36 {[%emt 0:08:39][%mdl 2048] White has strong initiative. White is more active.} Nf6 14. O-O Qb7 15. Qe2 a5 16. Bf4 {[%emt 0:01:51] [#] Rc7 is the strong threat.} Rfc8 {[%emt 0:02:59] Inhibits Rc7.} 17. Rxc8+ Qxc8 18. e4 Nh5 (18... Bb7 {was called for.} 19. Rc1 Qe8) 19. Bxh6 $18 gxh6 $2 (19... Bb7) 20. exd5 Nf4 21. Qe4 {[%emt 0:00:17] [#] Intending Qh7+ and mate.} Nxd3 22. Qxd3 (22. dxe6 $142 Qxe6 23. Qxa8+ Kg7 24. Qb7) 22... exd5 23. h3 Bf6 24. Re1 Qd7 25. Qe3 Bg7 26. Qb3 Qd6 27. Qb5 Ra7 $2 (27... Rc8 $16 {was worth a try.} 28. Qd3 Qd7) 28. Re8+ Bf8 29. Ne5 Rc7 (29... Re7 $142 30. Rxe7 Qxe7 31. Qxd5 Bg7) 30. Qd3 {[%emt 0:05:06] White is clearly winning.} f6 (30... Rc1+ $142 31. Kh2 Kg7) 31. Qg6+ Rg7 32. Qxh6 {aiming for Ng6.} Rc7 {[%emt 0:01:00] White took control after the opening.  Weighted Error Value: White=0.13 (very precise) /Black=0.49} 1-0

[Event "56th Ilmar Raud Memorial 2022"]
[Site "Viljandi"]
[Date "2022.07.05"]
[Round "1.5"]
[White "Hansson, Markus"]
[Black "Miezis, Normunds"]
[Result "0-1"]
[ECO "A36"]
[WhiteElo "1745"]
[BlackElo "2446"]
[Annotator "TA"]
[PlyCount "58"]
[EventDate "2022.07.05"]
[EventType "swiss"]
[EventCountry "EST"]
[SourceTitle "playchess.com"]
[Source "ChessBase"]
[SourceQuality "1"]
[TimeControl "40/5400+30:900+30"]

1. c4 c5 2. Nc3 Nc6 3. g3 g6 4. Bg2 Bg7 5. e4 d6 6. Nge2 h5 7. h3 {[%emt 0:00:30] A36: Symmetrical English vs ...g6: 4 Bg2 Bg7.} a6 8. d3 Bd7 9. O-O {[%emt 0:02:00] The position is equal.} Rb8 10. a4 {[%emt 0:02:58] [#]} b6 $146 ({Predecessor:} 10... e6 11. Rb1 Nge7 12. Be3 Qc8 13. Kh2 h4 14. g4 f5 15. exf5 gxf5 16. g5 Nd4 17. Qd2 O-O 18. f4 Be8 19. Ng1 {0-1 (19) Stankovic,I (2222)-Chelushkina,I (2279) Belgrade 2016}) 11. Be3 Nd4 12. Ra2 Qc8 13. Kh2 Nf6 14. Nd5 {[%emt 0:07:33] [#]} (14. f3 $11) 14... Ng4+ $1 $17 15. hxg4 (15. Kg1 Nxe3) 15... hxg4+ 16. Kg1 {[%emt 0:00:07] Threatens to win with Nxd4.} Nf3+ 17. Bxf3 gxf3 18. Nef4 (18. Nec3 $142 e6 19. Qxf3 $1 exd5 20. Nxd5) 18... Bg4 $1 {[%emt 0:03:49] This bishop pair is nice.} 19. a5 bxa5 20. Rxa5 Kf8 $2 {[%emt 0:02:46] Dancing on a razor blade.} (20... g5 $1 $17 21. Nxe7 (21. Qa4+ Bd7 $17) 21... Kxe7 22. Nd5+ Kf8 23. Bxg5 Bh3 24. Be7+ (24. Qxf3 Bxf1 25. Ra2 Qh3 $19) 24... Ke8 25. Qa4+ (25. Qxf3 $2 Bxf1 26. Kxf1 Qh3+ 27. Qg2 Qh5 $19) (25. Bxd6 Bg2 26. Nc7+ Kd7 27. Qa4+ Rb5) 25... Bd7) 21. Re1 (21. d4 $11 {keeps the balance.} g5 22. dxc5 $1 (22. Nd3 Bh3 $11) 22... gxf4 23. Nxf4) 21... e6 (21... g5 $17 22. Nxe7 Kxe7 23. Nd5+ Kf8 24. Bxg5 Be5) 22. d4 $1 $11 ({But not} 22. Nc3 g5 23. e5 gxf4 24. Bxf4 Rxb2 $17) 22... cxd4 {[%emt 0:08:45] [#]} (22... exd5 $11 23. dxc5 dxc4) 23. Bxd4 $1 $16 {[%emt 0:00:29][%cal Od5e7] Hoping for Ne7!} e5 {[%emt 0:00:16] [#]} (23... Bxd4 24. Qxd4) 24. Nb6 $2 {[%emt 0:01:47][%mdl 8192] [#] This move loses the game for White.} (24. Bc3 $1 $16 {[%cal Rc3b4] and life is bright.}) 24... Qd8 $1 $19 25. Bxe5 (25. Bc5 Rxb6 26. Bxb6 Qxb6 27. Rd5 exf4 28. Rxd6) 25... Bxe5 26. Rxe5 dxe5 27. Qxd8+ Rxd8 28. Nfd5 Kg7 29. Ne3 {[%emt 0:00:16] [#]} Rh5 $1 {[%emt 0:01:35] Weighted Error Value: White=1.19/Black=0.28 (precise)} 0-1

[Event "56th Ilmar Raud Memorial 2022"]
[Site "Viljandi"]
[Date "2022.07.05"]
[Round "1.6"]
[White "Starostits, Ilmars"]
[Black "Zaitsev, Boris"]
[Result "1-0"]
[ECO "A43"]
[WhiteElo "2441"]
[BlackElo "1912"]
[Annotator "TA"]
[PlyCount "71"]
[EventDate "2022.07.05"]
[EventType "swiss"]
[EventCountry "EST"]
[SourceTitle "playchess.com"]
[Source "ChessBase"]
[SourceQuality "1"]
[TimeControl "40/5400+30:900+30"]

1. d4 Nf6 2. Nf3 c5 3. d5 e6 4. Nc3 d6 5. e4 exd5 6. Nxd5 Nxd5 7. Qxd5 Nc6 8. Bf4 {[%emt 0:00:37] White is more active. A43: Schmid Benoni.} ({Better is} 8. Ng5 $1 $14 Qc7 9. Bc4) 8... Qf6 $1 $11 9. Bb5 Bd7 10. Bc1 {[%emt 0:01:16] [#] The position is equal.} Qe6 $146 (10... Qg6 {keeps more tension.} 11. O-O a6 12. Bc4 Be7) ({Predecessor:} 10... a6 11. Be2 Be6 12. Qd1 h6 13. O-O Be7 14. c3 O-O 15. Be3 Rfd8 16. Qc2 b5 {1-0 (44) Misyakov,I (2086)-Krasnov,L (1803) Novosibirsk 2010}) 11. Qxe6+ fxe6 12. c3 Be7 13. Be3 O-O 14. O-O-O {[%emt 0:00:09] [#] Hoping for Bxc5.} Nb8 (14... Rad8 $11) 15. Bc4 {[%emt 0:00:49] Threatens to win with Ng5.} b5 16. Bb3 Na6 17. Ne5 Bc8 {[%emt 0:03:20] Loses the game.} (17... Rfd8 $14) 18. Nc6 $18 Kf7 19. c4 $36 {[%emt 0:08:47][%mdl 2048] White is on the roll.} Nc7 (19... bxc4 {was worth a try.} 20. Bxc4 Nb4) 20. e5 bxc4 21. exd6 Bxd6 22. Bxc4 ({Don't do} 22. Rxd6 cxb3 23. axb3 Nb5 $16) 22... Ne8 (22... Nd5 {was necessary.} 23. Bxd5 exd5) 23. Rhe1 Bd7 $2 {[%emt 0:02:49] [#]} (23... Kg8 24. g3 Bb7) 24. Ne5+ Ke7 25. Bg5+ Nf6 26. Nxd7 Kxd7 27. Rxe6 Ne8 28. Re7+ Kc8 29. Ba6+ {[%emt 0:00:10] A strong pair of Bishops.} Kb8 30. Rb7+ Kc8 31. Rxg7+ Kb8 32. Rb7+ Kc8 33. Rxh7+ Kb8 34. Rb7+ (34. Bd8 $142 Bf4+ 35. Kb1 Nc7 36. Bxc7+ Bxc7 37. Rdd7 Re8 38. Rxc7 Re1+ 39. Kc2 Re2+ 40. Bxe2 c4 41. Rcg7 Kc8 42. Rh8#) 34... Kc8 35. Rf7+ Kb8 36. Rxf8 {[%emt 0:00:09] Weighted Error Value: White=0.15 (very precise) /Black=0.82} 1-0

[Event "56th Ilmar Raud Memorial 2022"]
[Site "Viljandi"]
[Date "2022.07.05"]
[Round "2.1"]
[White "Laurusas, Tomas"]
[Black "Tobak, Mikhail"]
[Result "1-0"]
[ECO "A45"]
[WhiteElo "2561"]
[BlackElo "2307"]
[Annotator "TA"]
[PlyCount "57"]
[EventDate "2022.07.05"]
[EventType "swiss"]
[EventCountry "EST"]
[SourceTitle "playchess.com"]
[Source "ChessBase"]
[SourceQuality "1"]
[TimeControl "40/5400+30:900+30"]

1. d4 d6 2. g3 e5 3. Bg2 Nf6 4. Nc3 exd4 5. Qxd4 Nc6 {[%emt 0:00:16] [#]} 6. Qd2 $146 {[%emt 0:00:06] A45: Trompowsky Attack.} ({Predecessor:} 6. Qd1 Be7 7. e4 O-O 8. h3 Re8 9. Nge2 Be6 10. O-O Qd7 11. Nf4 Bc4 12. Re1 {1-0 (41) Petran,P (2277)-Kopta,P (2303) Czech Republic 2013}) 6... g6 7. b3 Bg7 8. Bb2 {[%emt 0:00:12] White is slightly better.} O-O 9. e4 Re8 10. Nge2 {[%emt 0:02:32] [#]} (10. O-O-O $1 $14) 10... Bg4 (10... Nxe4 $1 $11 {keeps the balance.} 11. Bxe4 Rxe4 12. Nxe4 Bxb2) 11. O-O-O $16 a5 12. a4 Nb4 13. f3 Bd7 14. Kb1 Qb8 15. Nb5 (15. Rhe1 $16) 15... Bxb5 (15... Rd8 $14) 16. axb5 Qa7 17. c3 a4 18. cxb4 {[%emt 0:00:21] aiming for Bd4.} axb3 {[%emt 0:00:00][%cal Of6e4] Strongly threatening ...Nxe4!} 19. Nc3 Nd7 20. Bf1 $2 ({White should try} 20. f4 $1 $16) 20... Nb6 $11 {[%emt 0:00:00] Hoping for ...Rec8.} 21. Bd3 {[%emt 0:02:37] [#]} (21. Re1 $15) 21... d5 (21... Rec8 $1 $17 {And now ...c5 would win.} 22. Rc1 c5 23. bxc6 bxc6) 22. Rhe1 (22. exd5 {[#]} Nxd5 $1 23. Na4 (23. Nxd5 $2 Qa1+ 24. Bxa1 Rxa1#) 23... Qxa4 24. Bxg7 Kxg7 25. Qb2+ Kg8 $19) 22... dxe4 $2 (22... c6 $1 $15 {stays ahead.} 23. e5 Rxe5) 23. Rxe4 $18 Red8 (23... Rec8 $142 24. Bc4 Nxc4 25. Rxc4 c6 26. bxc6 Rxc6 27. Rxc6 bxc6) 24. Kc1 c6 25. bxc6 Rac8 26. Qg5 ({White should play} 26. Qe2 $18) 26... h6 $2 (26... Na4 $16 {is more resistant.} 27. c7 Rd6 28. Nxa4 Qxa4 29. Bxg7 Rxc7+ 30. Kd2 Rxd3+ 31. Kxd3 b2) 27. Qa5 {[%emt 0:00:29] White is clearly winning.} ({Weaker is} 27. Qe7 Nd5 28. Qxb7 (28. Nxd5 Rxd5 29. b5 Bxb2+ 30. Kxb2 Qa2+ 31. Kc3 bxc6 $11) 28... Qf2 $18) 27... Qxa5 28. bxa5 Bxc3 29. cxb7 {[%emt 0:01:30] Weighted Error Value: White=0.28 (precise) /Black=0.76} 1-0

[Event "56th Ilmar Raud Memorial 2022"]
[Site "Viljandi"]
[Date "2022.07.05"]
[Round "2.2"]
[White "Sakalauskas, Vaidas"]
[Black "Kulaots, Kaido"]
[Result "1/2-1/2"]
[ECO "E35"]
[WhiteElo "2327"]
[BlackElo "2543"]
[Annotator "TA"]
[PlyCount "35"]
[EventDate "2022.07.05"]
[EventType "swiss"]
[EventCountry "EST"]
[SourceTitle "playchess.com"]
[Source "ChessBase"]
[SourceQuality "1"]
[TimeControl "40/5400+30:900+30"]

1. d4 Nf6 2. c4 e6 3. Nc3 Bb4 4. Qc2 d5 5. cxd5 exd5 6. Bg5 c5 7. dxc5 h6 8. Bh4 {[%emt 0:00:53] E35: Nimzo-Indian: Classical: 4...d5 5 cxd5 exd5.} O-O 9. e3 {[%emt 0:03:41] The position is equal.} Be6 10. Nf3 Nbd7 11. a3 {[%emt 0:02:34] [#] An even fight not without its subleties.  Weighted Error Value: White=0.00 (flawless) /Black=0.00 (flawless)} {Predecessor:} Bxc3+ $146 12. Qxc3 g5 13. Bg3 Ne4 14. Qc2 Ndxc5 15. Be2 Rc8 16. Qd1 Qb6 17. b4 Nc3 18. bxc5 {½-½ (36) Xu,X (2564)-Ding,L (2799) Hangzhou 2022} 1/2-1/2

[Event "56th Ilmar Raud Memorial 2022"]
[Site "Viljandi"]
[Date "2022.07.05"]
[Round "2.3"]
[White "Pultinevicius, Paulius"]
[Black "Borsos, Bogdan"]
[Result "1-0"]
[ECO "C55"]
[WhiteElo "2539"]
[BlackElo "2173"]
[Annotator "TA"]
[PlyCount "101"]
[EventDate "2022.07.05"]
[EventType "swiss"]
[EventCountry "EST"]
[SourceTitle "playchess.com"]
[Source "ChessBase"]
[SourceQuality "1"]
[TimeControl "40/5400+30:900+30"]

1. e4 e5 2. Nf3 Nc6 3. Bc4 Nf6 4. d3 h6 5. c3 Be7 6. Nbd2 {[%emt 0:04:46] C55: Two Knights: 4 d3, 4 d4 exd4 5 e5 and Max Lange Attack.} O-O 7. O-O a5 8. Bb3 {[%emt 0:04:38] The position is equal.} d6 9. Re1 Nh7 10. Nf1 Ng5 {[%emt 0:01:33] [#]} 11. Ne3 $146 ({Predecessor:} 11. Nxg5 Bxg5 12. Ng3 Bxc1 13. Rxc1 Qg5 14. d4 Ne7 15. Qh5 Qxh5 16. Nxh5 Bg4 17. Ng3 {1-0 (42) Atlas,D (2295)-Barrios,R (2160) Yerevan 1996}) 11... Nxf3+ 12. Qxf3 Bg5 13. a4 Bxe3 14. Bxe3 Be6 15. Bxe6 fxe6 16. Qg4 Qf6 17. h4 Kh7 18. h5 Rf7 19. Rad1 Rg8 20. Rf1 g5 21. Rd2 (21. hxg6+ $5 Rxg6 22. Qh5 $11) 21... Re8 22. d4 exd4 23. cxd4 e5 24. d5 Nb4 25. Rc1 Qd8 26. b3 Qd7 27. Qe2 Ref8 28. Rdd1 b6 29. Rc3 Ra8 30. Rdc1 Ra7 31. Kf1 Kg7 32. Ke1 Kh7 33. f3 Rg7 34. Kf2 Qf7 35. Rh1 Qd7 36. Qb5 Rf7 37. Ke2 Kg7 38. Rg1 Na6 (38... Ra8 $11) 39. Rc6 {[%emt 0:00:33] White is more active.} ({Better is} 39. Qxd7 $14 Rxd7 40. g3) 39... Nb4 40. Rc4 Na6 (40... Qd8 $11 {keeps the balance.}) 41. Qxd7 $16 Rxd7 42. g3 $1 Nc5 {[%emt 0:05:50] [#]} (42... Kh7 $16 {was worth a try.}) 43. f4 $1 $18 Nxb3 $2 {[%emt 0:00:04] [#]} (43... exf4 44. gxf4 Ra8) 44. fxe5 $1 ({Less strong is} 44. fxg5 hxg5 45. Rb1 (45. Bxg5 Nd4+ 46. Ke3 Rf7 $15) 45... Nc5 $11) 44... dxe5 (44... Nc5 {is a better defense.} 45. e6 Rd8) 45. Rb1 Nd4+ 46. Bxd4 exd4 47. Rc6 Ra8 48. Rbc1 Ra7 49. Rg6+ Kf7 50. Rf1+ Ke7 51. Re6+ {[%emt 0:00:05] Weighted Error Value: White=0.06 (flawless) /Black=0.34} 1-0

[Event "56th Ilmar Raud Memorial 2022"]
[Site "Viljandi"]
[Date "2022.07.05"]
[Round "2.4"]
[White "Sinitsina, Anastassia"]
[Black "Maiorov, Nikita"]
[Result "0-1"]
[ECO "C00"]
[WhiteElo "2175"]
[BlackElo "2474"]
[Annotator "TA"]
[PlyCount "76"]
[EventDate "2022.07.05"]
[EventType "swiss"]
[EventCountry "EST"]
[SourceTitle "playchess.com"]
[Source "ChessBase"]
[SourceQuality "1"]
[TimeControl "40/5400+30:900+30"]

1. e4 c6 2. d3 d5 3. Nd2 e6 4. g3 Nf6 5. Bg2 Be7 6. Ngf3 O-O 7. O-O c5 8. e5 Nfd7 9. Re1 Nc6 10. Nf1 b5 11. h4 a5 12. N1h2 {[%emt 0:01:13] [#] C00: French: Unusual White 2nd moves.} Ba6 $146 ({Predecessor:} 12... Bb7 13. Ng4 Re8 14. c3 b4 15. h5 h6 16. Bxh6 gxh6 17. Qd2 a4 18. a3 Bf8 19. Nxh6+ Bxh6 20. Qxh6 {½-½ (35) Rubinas,P (2521)-Straka,Z (2566) ICCF email 2017}) 13. h5 b4 14. Ng4 {[%emt 0:01:35] The position is equal.} a4 15. Bf4 Nd4 16. Nxd4 (16. h6 {is interesting.} g6 17. c4 Nxf3+ 18. Bxf3 Nb6 19. Rc1) 16... cxd4 17. b3 Rc8 18. Nh2 Rc6 (18... h6 $11) 19. Nf3 Qb6 20. h6 {[%emt 0:07:14] aiming for hxg7.} g6 21. Bg5 Bxg5 22. Nxg5 Qc7 23. Qd2 (23. Qg4 $14) 23... Rxc2 $11 (23... Nxe5 24. Qxb4 f6 25. Qxd4 $16) 24. Qxb4 Nc5 ({Don't take} 24... Bxd3 25. Qxa4 (25. Qxd4 Qc5 $15) 25... Rc8 26. Qxd4 $14) 25. Bf1 Bxd3 26. Nxh7 $2 Kxh7 $19 {[%emt 0:00:00] Really sharp!} 27. Bxd3 {[%emt 0:00:04] [#]} Rc3 (27... Rxf2 $1 $19 {[%mdl 512] is more deadly. Threatens to win with ...Rf3.} 28. Rac1 Rf3 29. Qxd4 (29. Rxc5 $2 Qe7 $19) 29... Rxg3+ 30. Kf1 Rxd3 31. Qxd3 Nxd3 32. Rxc7 Nxe1 33. Kxe1 axb3 34. axb3 Kxh6) 28. Bf1 axb3 {[%emt 0:01:08] ...b2 is the strong threat.} 29. Qxd4 Rc2 {[%emt 0:02:31] Black is more active.} 30. Re2 $2 (30. axb3 $17 Nxb3 31. Qb4) 30... Rxe2 31. Bxe2 {[%emt 0:00:07] [#]} Ra8 $1 32. a4 Nd7 33. f4 (33. Rb1 $142) 33... Qc5 34. Qxc5 Nxc5 35. Bb5 (35. a5 $142) 35... Kxh6 ({Stronger than} 35... b2 36. Rb1 $17) 36. Kg2 Kg7 37. Kf3 $2 (37. a5) 37... Ne4 38. Bd3 b2 {[%emt 0:00:43] Weighted Error Value: White=0.54/Black=0.18 (very precise)} 0-1